 Dungeon Crawl Stone Soup version 0.25.0-26-g0c896c7088 (webtiles) character file.

Game seed: 10059742706004937813

2209 MisterFreud the Ruffian (level 9, 0/67 HPs)
             Began as a Demonspawn Abyssal Knight on July 5, 2020.
             Was a Believer of Lugonu.
             Succumbed to a killer bee's poison
             ... on level 6 of the Dungeon.
             The game lasted 00:13:40 (8535 turns).

MisterFreud the Ruffian (Demonspawn Abyssal Knight) Turns: 8535, Time: 00:13:41

Health: 0/67       AC:  7    Str: 14    XL:     9   Next: 13%
Magic:  13/13      EV: 22    Int: 16    God:    Lugonu [**....]
Gold:   312        SH:  9    Dex: 12    Spells: 8/8 levels left

rFire    . . .     SeeInvis .     - Unarmed
rCold    . . .     Gourm    .   o - +0 kite shield
rNeg     . . .     Faith    .   d - +0 scale mail
rPois    .         Spirit   .   (helmet restricted)
rElec    .         Reflect  .   (no cloak)
rCorr    .         Harm     .   (gloves unavailable)
MR       +....                  (no boots)
Stlth    +.........             r - amulet of the acrobat
HPRegen  0.21/turn              q - ring of protection from magic
MPRegen  0.13/turn              t - ring of stealth

@: lethally poisoned (0 -> -2), acrobat, hasted, very quick
A: antennae 1, claws 3, powered by death 1, powered by pain 2
a: Depart the Abyss, Bend Space, Renounce Religion


You were on level 6 of the Dungeon.
You worshipped Lugonu.
Lugonu was pleased with you.
You were not hungry.

You visited 1 branch of the dungeon, and saw 6 of its levels.
You visited the Abyss 1 time.

You collected 312 gold pieces.

Inventory:

Armour
 d - a +0 scale mail (worn)
 o - a +0 kite shield (worn)
Jewellery
 f - an uncursed amulet of magic regeneration
 q - a ring of protection from magic (left claw)
 r - an amulet of the acrobat (around neck)
 t - a ring of stealth (right claw)
Scrolls
 a - 5 scrolls of remove curse
 c - a scroll of teleportation {unknown}
 e - 2 scrolls of enchant weapon
 g - a scroll of enchant armour {unknown}
 h - 3 scrolls of blinking {unknown}
 i - 7 scrolls of identify
 k - 3 scrolls of immolation {unknown}
 l - a scroll of magic mapping {unknown}
 n - a scroll of fear {unknown}
 s - a scroll of amnesia {unknown}
Potions
 p - a potion of invisibility
Comestibles
 b - 11 rations


   Skills:
 + Level 4.9 Fighting
 + Level 3.9 Armour
 - Level 0.8 Dodging
 - Level 6.0 Shields
 + Level 7.0 Unarmed Combat
 + Level 5.6 Invocations


You had 8 spell levels left.
You didn't know any spells.
Your spell library was empty.

Dungeon Overview and Level Annotations

Branches:
Dungeon (6/15)             Temple (0/1) D:5

Altars:
Ashenzari
Gozag
Hepliaklqana
Wu Jian
Yredelemnul
The Shining One

Annotations:
D:6 Dowan, Duvessa


Innate Abilities, Weirdness & Mutations

You have a pair of small antennae on your head.
You have claws for hands.
You regenerate a little health from kills.
You sometimes gain power by taking damage.


Message History

Unknown command.
Okay, then.
Unknown command.
Unknown command.
Unknown command.
Unknown command.
Unknown command.
Unknown command.
Unknown command.
Unknown command.
Unknown command.
Okay, then.
Unknown command.
Unknown command.
You feel yourself speed up.
Things that are here:
a killer bee corpse x2
* * * LOW HITPOINT WARNING * * *
You feel sick.
You die...

#.........#####.# #≈≈
# ###.####### #.# ###
.........# #.#
###....#.## #.#
#....#..# #†#
#..[.##.## #.#
#....##..####.########
#..e<##.....#.........
#...y##.....#.@#######
#..............#
#########.....#..#
..ey...y........<.
...#########.##..# ...
#.##... ... ..#.## ...
.#. ...


There were no monsters in sight!

Vanquished Creatures
  Pikel (D:5)
  Sigmund (D:2)
  A sky beast (D:5)
  An ice beast (D:5)
  A necrophage (D:5)
  A phantom (D:4)
  2 slaves (D:5)
  2 ogres
  A gnoll sergeant (D:5)
  5 killer bees (D:6)
  An electric eel (D:6)
  A howler monkey (D:4)
  2 crimson imps (D:5)
  A jelly (D:5)
  2 hounds
  An orc priest (D:6)
  4 orc wizards
  Natasha (twice) (D:2)
  An iguana (D:5)
  3 worker ants
  A hound zombie (D:5)
  9 gnolls
  7 adders
  A shadow imp (D:5)
  An ooze (D:2)
  5 worms
  2 dart slugs (D:3)
  3 leopard geckos
  4 orcs
  5 bats
  2 giant cockroaches
  13 goblins
  4 hobgoblins
  10 jackals
  A quokka (D:4)
  3 ball pythons
  4 frilled lizards
  6 kobolds
  7 rats
122 creatures vanquished.

Vanquished Creatures (others)
  A howler monkey (D:5)
  A jelly (D:5)
  An orc wizard (D:5)
  A worker ant (D:5)
  A gnoll (D:5)
  A howler monkey skeleton (D:5)
  2 orcs (D:5)
  2 jackals (D:5)
  A quokka (D:5)
  A quokka zombie (D:5)
12 creatures vanquished.

Grand Total: 134 creatures vanquished

Notes
Turn   | Place    | Note
-------+----------+-------------------------------------------
     0 | Abyss:1  | MisterFreud the Demonspawn Abyssal Knight began the quest
                  | for the Orb.
     0 | Abyss:1  | Reached XP level 1. HP: 18/18 MP: 2/2
    40 | Abyss:1  | Noticed a chaos spawn
    42 | D:1      | Escaped the Abyss
   134 | D:1      | Reached skill level 2 in Unarmed Combat
   623 | D:1      | Gained mutation: You regenerate a little health from kills.
                  | [demonic ancestry]
   623 | D:1      | Reached XP level 2. HP: 9/24 MP: 3/3
   852 | D:1      | Reached * piety under Lugonu
   940 | D:1      | Reached skill level 3 in Unarmed Combat
  1174 | D:1      | Gained mutation: You have sharp fingernails. [demonic
                  | ancestry]
  1174 | D:1      | Reached XP level 3. HP: 26/29 MP: 4/4
  1819 | D:2      | Gained mutation: You have a pair of small antennae on your
                  | head. [demonic ancestry]
  1819 | D:2      | Reached XP level 4. HP: 20/35 MP: 5/5
  1924 | D:2      | Noticed Sigmund
  1953 | D:2      | Found a basalt altar of Yredelemnul.
  2098 | D:2      | Reached skill level 1 in Shields
  2532 | D:3      | Reached skill level 4 in Unarmed Combat
  2738 | D:3      | Found a glowing golden altar of the Shining One.
  3383 | D:4      | Gained mutation: You have very sharp fingernails. [demonic
                  | ancestry]
  3383 | D:4      | Reached XP level 5. HP: 30/41 MP: 6/6
  3842 | D:4      | Noticed a phantom
  3887 | D:4      | Killed a phantom
  3887 | D:4      | Reached skill level 5 in Unarmed Combat
  4104 | D:4      | Gained mutation: You sometimes gain a little power by
                  | taking damage. [demonic ancestry]
  4104 | D:4      | Reached XP level 6. HP: 44/47 MP: 7/7
  4670 | D:5      | Entered Level 5 of the Dungeon
  4723 | D:5      | Found an opulent altar of Gozag.
  4915 | D:5      | Reached skill level 6 in Unarmed Combat
  4915 | D:5      | Gained mutation: You sometimes gain power by taking damage.
                  | [demonic ancestry]
  4915 | D:5      | Reached XP level 7. HP: 10/52 MP: 8/8
  5160 | D:5      | Found an ornate altar of the Wu Jian Council.
  5186 | D:5      | Found a staircase to the Ecumenical Temple.
  5380 | D:5      | Noticed Pikel
  5435 | D:5      | Killed Pikel
  5435 | D:5      | Reached skill level 5 in Shields
  5485 | D:5      | Reached ** piety under Lugonu
  5485 | D:5      | Reached XP level 8. HP: 24/58 MP: 9/9
  6352 | D:5      | Found a hazy altar of Hepliaklqana.
  6905 | D:2      | Killed Sigmund
  7058 | D:2      | Noticed Natasha
  7065 | D:2      | Killed Natasha
  7066 | D:2      | Found a shattered altar of Ashenzari.
  7400 | D:2      | Noticed Natasha
  7405 | D:2      | Killed Natasha
  7597 | D:6      | Reached skill level 5 in Invocations
  7875 | D:6      | Noticed Duvessa
  7875 | D:6      | Noticed Dowan
  8233 | D:6      | Gained mutation: You have claws for hands. [demonic
                  | ancestry]
  8233 | D:6      | Reached XP level 9. HP: 14/66 MP: 12/12
  8511 | D:6      | Reached skill level 7 in Unarmed Combat
  8528 | D:6      | HP: 2/67 [killer bee (6)]
  8535 | D:6      | Succumbed to a killer bee's poison

Illustrated notes

Levels and vault maps discovered:
D:1:      minmay_arrival_open_corners, layout_basic, minmay_shallow_snake_nest
D:2:      layout_basic, yredelemnul_altar_generic, overflow_temple_1_default,
          lemuel_another_geyser, uniq_natasha, uniq_sigmund
D:3:      layout_basic, lemuel_crystal_altar
D:4:      layout_loops_corners, first_ration
D:5:      layout_loops_corners, grunt_gozag_breadcrumbs,
          nicolae_overflow_hidden_temple, lemuel_round_altar,
          minmay_temple_entry_gardened_gates, palyth_stone_intersect,
          grunt_ministairs_15, uniq_pikel
D:6:      layout_basic, kennysheep_mini_moat, minmay_crystal_water, uniq_duvessa

Skill      XL: |  1  2  3  4  5  6  7  8  9 |
---------------+----------------------------+-----
Unarmed Combat | 2 3 4 5 6 7 |  7.0
Shields        | 1 2 3 6 |  6.0
Armour         | 3 |  3.9
Invocations    | 5 |  5.6
Fighting       | 4 |  4.9
Dodging        | |  0.8

Action                   |  1- 3 |  4- 6 |  7- 9 || total
-------------------------+-------+-------+-------++-------
Melee: Unarmed           |   156 |   177 |   311 ||   644
       Punch             |     2 |       |       ||     2
Invok: Depart the Abyss  |     1 |       |       ||     1
  Use: Scroll            |     1 |       |     3 ||     4
       Potion            |     2 |       |     5 ||     7
  Eat: Chunk             |     3 |     6 |    10 ||    19
       Ration            |       |     1 |     1 ||     2
Armor: Scale mail        |    59 |    41 |    74 ||   174
Dodge: Dodged            |    45 |    40 |    76 ||   161
Block: Kite shield       |    25 |    52 |   126 ||   203
